 Dungeon Crawl Stone Soup version 0.30-a0-860-g512cf1e979 (webtiles) character file.

Game seed: 14266667505981770415

50 M4edhros the Insei (level 3, -1/26 HPs)
             Began as an Octopode Monk on Mar 7, 2023.
             Constricted to death by an orc (6 damage)
             ... on level 3 of the Dungeon.
             The game lasted 00:01:25 (1207 turns).

M4edhros the Insei (Octopode Monk)                  Turns: 1207, Time: 00:01:25

Health: -1/26      AC:  1    Str: 10    XL:     3   Next: 79%
Magic:  3/3        EV: 11    Int: 12    God:
Gold:   30         SH:  0    Dex: 16    Spells: 2/2 levels left

rFire   + . .      SeeInvis .      - Unarmed
rCold   + . .      Faith    .    (no shield)
rNeg    . . .      Spirit   .    (helmet restricted)
rPois   +          Reflect  .    (no amulet)
rElec   +          Rampage  .    (no ring)
rCorr   +                        (no ring)
Will    .....                    (no ring)
Stlth   ++                       (no ring)
HPRegen 0.24/turn                (no ring)
MPRegen 0.08/turn                (no ring)
                                 (no ring)
                                 (no ring)

@: confused, resistant, ambrosia-drunk, grasped by roots, constricted
A: almost no armour, amphibious, 8 rings, camouflage 1, gelatinous body 1,
(nimble swimmer 1), tentacles
a: no special abilities


You were on level 3 of the Dungeon.
You visited 1 branch of the dungeon, and saw 3 of its levels.

You collected 30 gold pieces.

Inventory:

Scrolls
 d - a scroll of blinking {unknown}
 e - a scroll of poison {unknown}
 f - a scroll of vulnerability {unknown}
 g - a scroll of fog {unknown}
 h - a scroll of noise {unknown}


   Skills:
 - Level 3.0 Fighting
 - Level 3.0 Dodging
 - Level 2.6 Stealth
 + Level 4.6 Unarmed Combat


You had 2 spell levels left.
You didn't know any spells.
Your spell library contained the following spells:

 Spells                   Type           Power      Damage    Failure   Level
 Freeze                   Ice            0%         1d3       32%         1
 Necrotise                Necr           0%         1d4       32%         1
 Frozen Ramparts          Ice            0%         1d1       69%         3
 Hailstorm                Conj/Ice       0%         3d3       69%         3
 Summon Guardian Golem    Hex/Summ       0%         N/A       69%         3
 Vampiric Draining        Necr           0%         2d6       69%         3
 Agony                    Necr           0%         N/A       100%        5
 Orb of Destruction       Conj           0%         9d5       100%        7
 Spellforged Servitor     Conj/Summ      0%         N/A       100%        7
 Chain Lightning          Conj/Air       0%         N/A       100%        9
 Fire Storm               Conj/Fire      0%         5d1       100%        9
 Shatter                  Erth           0%         3d5*      100%        9


Dungeon Overview and Level Annotations

Branches:
Dungeon (3/15)

Altars:
Dithmenos


Innate Abilities, Weirdness & Mutations

You cannot wear most types of armour.
You are amphibious.
You can wear up to eight rings at the same time.
Your skin changes colour to match your surroundings (Stealth+).
Your rubbery body absorbs attacks. (AC +1, EV +1)
((You are camouflaged when in or above water. (Stealth+)))
You have tentacles for arms and can constrict up to eight enemies at once.


Message History

You miss the jackal. Your grab misses the jackal.
The jackal closely misses you. The jackal bites you.
You barely miss the jackal.
The orc shouts!
Your grab misses the jackal. The jackal bites you.
You tentacle-slap the jackal. You grab the jackal.
The jackal is heavily wounded.
You constrict the jackal. The jackal barely misses you.
You tentacle-slap the jackal.
You kill the jackal!
The orc zaps a wand.
The roots erupt in riotous growth!
The orc wizard is unaffected.
The orc is unaffected.
The grasping roots grab you!
The orc is unaffected.
The grasping roots constrict you.
You hear a shout! x2
You tentacle-slap the orc wizard. You grab the orc wizard.
The orc wizard is lightly wounded.
You constrict the orc wizard.
The orc wizard hits you with a +0 dagger.
The grasping roots constrict you.
Unknown command.
You tentacle-slap the orc wizard.
You squeeze the orc wizard, but do no damage.
The orc wizard is heavily wounded.
You constrict the orc wizard.
The orc wizard hits you with a +0 dagger.
* * * LOW HITPOINT WARNING * * *
The grasping roots constrict you.
* * * LOW HITPOINT WARNING * * *
The grasping roots release their grip on you.
You are confused.
You feel invigorated.
You constrict the orc wizard, but do no damage.
The orc wizard hits you with a +0 dagger.
* * * LOW HITPOINT WARNING * * *
The orc zaps a wand.
The roots erupt in riotous growth!
The orc wizard is unaffected.
The orc is unaffected.
The grasping roots grab you!
The orc is unaffected.
The grasping roots constrict you.
You die...

# #..
###..#$
#.##.##)##..
........(#.#
#.......##.#
#.h.J.S.#..#
..Sh..Joh..#
#oo..#
#o##)# #.
##@##.# #..
#.....##..
....##..#..#
#### ##.#..
#)#.# #.#.#
#...#
##.).##
#.....#


You could see a hound, an orc wizard, an adder, 3 orcs and an endoplasm.

Vanquished Creatures
  An adder (D:2)
  A dart slug (D:1)
  2 orcs (D:3)
  A ball python (D:1)
  3 endoplasms (D:1)
  2 giant cockroaches (D:1)
  2 goblins (D:3)
  5 hobgoblins (D:1)
  A jackal (D:3)
  A quokka (D:1)
  3 bats
  4 frilled lizards (D:1)
  6 kobolds
  3 rats
35 creatures vanquished.

Notes
Turn   | Place    | Note
-------+----------+-------------------------------------------
     0 | D:1      | M4edhros the Octopode Monk began the quest for the Orb.
     0 | D:1      | Reached XP level 1. HP: 16/16 MP: 1/1
   194 | D:1      | Reached XP level 2. HP: 7/21 MP: 2/2
   432 | D:1      | Reached skill level 4 in Unarmed Combat
   517 | D:1      | Reached XP level 3. HP: 21/26 MP: 3/3
  1156 | D:3      | Found a shadowy altar of Dithmenos.
  1207 | D:3      | Constricted to death by an orc

Illustrated notes

Levels and vault maps discovered:
D:1:      erik_arrival_cave_to_civilisation [erik_arrival_cave_to_hall],
          layout_basic
D:2:      layout_loops_ring, basic_altar, minmay_ruptured
D:3:      cheibrodos_greedy_goblins, layout_loops_ring,
          gammafunk_temple_overflow_claw, mainiacjoe_overflow_paths,
          hellmonk_ecumenical_altar_leap_of_faith, dk_noncrumbling_2,
          minmay_three_crescents, uniq_crazy_yiuf_cottage

Skill      XL: |  1  2 |
---------------+-------+-----
Unarmed Combat | 4 |  4.6
Fighting       | |  3.0
Dodging        | |  3.0
Stealth        | |  2.6

Action                     || total
---------------------------++-------
  Melee: Unarmed           ||    67
         Constrict         ||    18
         Tentacles         ||    15
         Punch             ||     2
    Use: Potion            ||     3
   Stab: Sleeping          ||    11
 Armour: Skin              ||     5
  Dodge: Dodged            ||    34

Table legend: (Time is in decaauts)
 A = Elapsed time spent in this place.
 B = Non-inter-level travel time spent in this place.
 C = Inter-level travel time spent in this place.
 D = Time resting spent in this place.
 E = Time spent auto-exploring this place.
 F = Levels seen in this place.
 G = Mean time per level.
                   A        B        C        D        E       F      G
               +--------+--------+--------+--------+--------+-----+--------+
         Total |   1202 |   1131 |     71 |      0 |    914 |   3 |  400.7 |
       Dungeon |   1202 |   1131 |     71 |      0 |    914 |   3 |  400.7 |
               +--------+--------+--------+--------+--------+-----+--------+

Top non-repeatable levels by time:
     D:1: 954 daAuts
     D:3: 198 daAuts
     D:2: 49 daAuts
